 Seeded DCSS version 0.29.1-15-g9cfb28693d (webtiles) character file.

Game seed: 1 (custom seed)

44 Kazon the Shield-Bearer (level 3, -2/19 HPs)
             Began as a Vine Stalker Fighter on Mar 7, 2023.
             Succumbed to a kobold's poison
             ... on level 2 of the Dungeon.
             The game lasted 00:03:42 (981 turns).

Kazon the Shield-Bearer (Vine Stalker Fighter)       Turns: 981, Time: 00:03:43

Health: -2/19      AC: 11    Str: 18    XL:     3   Next: 62%
Magic:  4/4        EV: 24    Int: 10    God:
Gold:   167        SH:  4    Dex: 13    Spells: 2/2 levels left

rFire   . . .      SeeInvis .   a - +0 long sword
rCold   . . .      Faith    .   c - +0 buckler
rNeg    . . .      Spirit   +   b - +0 scale mail
rPois   .          Reflect  .   k - +0 helmet
rElec   .          Harm     .   (no cloak)
rCorr   .          Rampage  .   (no gloves)
Will    .....                   m - +2 pair of boots
Stlth   ..........              e - amulet of the acrobat
HPRegen 0.06/turn               (no ring)
MPRegen 0.09/turn               (no ring)

@: lethally poisoned (-2 -> -13), acrobatic, studying Shields
A: fangs 2, magic shield, antimagic bite, no potion heal 2
a: no special abilities


You were on level 2 of the Dungeon.
You visited 1 branch of the dungeon, and saw 2 of its levels.

You collected 167 gold pieces.

Inventory:

Hand Weapons
 a - a +0 long sword (weapon)
Missiles
 i - 6 stones (quivered)
Armour
 b - a +0 scale mail (worn)
 c - a +0 buckler (worn)
 k - a +0 helmet (worn)
 m - a +2 pair of boots (worn)
Jewellery
 e - an amulet of the acrobat (around neck)
Scrolls
 j - a scroll of identify {unknown}
 n - a scroll of immolation {unknown}
Potions
 d - a potion of might
 f - a potion of haste {unknown}
 g - a potion of flight {unknown}
 h - a potion of attraction {unknown}
 l - a potion of berserk rage {unknown}


   Skills:
 + Level 2.8 Fighting
 + Level 2.6 Long Blades
 + Level 3.0 Armour
 + Level 3.1 Shields


You had 2 spell levels left.
You didn't know any spells.
Your spell library was empty.

Dungeon Overview and Level Annotations

Branches:
Dungeon (2/15)

Altars:


Innate Abilities, Weirdness & Mutations

You have extremely sharp teeth.
When hurt, damage is shared between your health and your magic reserves.
Your bite disrupts and absorbs the magic of your enemies.
Potions cannot restore your health.


Message History

You slash the goblin!
You kill the goblin!
Found 13 gold pieces.
Found an escape hatch in the floor.
Things that are here:
a +0 club; a goblin corpse A goblin comes into view.
It is wielding a +0 club.
Found a chain mail.
The goblin shouts!
You slash the goblin!
You kill the goblin!
You see here a +0 club.
There is an escape hatch in the floor here.
Found a Young Poisoner's Handbook.
You now have 167 gold pieces (gained 13).
A kobold and a hobgoblin come into view.
The kobold is wielding a +2 dagger of venom.
The kobold shouts!
The hobgoblin shouts!
You see here a Young Poisoner's Handbook.
The hobgoblin misses you.
You barely miss the hobgoblin. You block the hobgoblin's attack.
The hobgoblin hits you.
You closely miss the hobgoblin. The hobgoblin closely misses you.
You slash the hobgoblin!
You kill the hobgoblin!
You barely miss the kobold. You block the kobold's attack.
The kobold hits you with a +2 dagger of venom.
You are lethally poisoned!
You closely miss the kobold.
You feel very sick. The kobold hits you but does no damage.
You are more poisoned.
You hit the kobold. You bite the kobold.
You kill the kobold!
* * * LOW HITPOINT WARNING * * *
You feel very sick.
* * * LOW HITPOINT WARNING * * *
You feel sick.
Things that are here:
a +2 dagger of venom; a hobgoblin corpse You die...

########
....)..###########
######).........:#
#.>########.#
#......# #)#
##.###.# #@# #.#
#.# #[# #.# #..
#.# #.# #.# #.#
#.# #.# #.#


There were no monsters in sight!

Vanquished Creatures
  An adder (D:2)
  A worm (D:2)
  6 endoplasms
  A giant cockroach (D:1)
  6 goblins
  4 hobgoblins
  2 kobolds
  A quokka (D:1)
  A ball python (D:2)
  2 bats
  A frilled lizard (D:2)
  3 rats (D:1)
29 creatures vanquished.

Notes
Turn   | Place    | Note
-------+----------+-------------------------------------------
     0 | D:1      | Kazon the Vine Stalker Fighter began the quest for the Orb.
     0 | D:1      | Reached XP level 1. HP: 11/11 MP: 2/2
    35 | D:1      | Identified a scroll of acquirement
    35 | D:1      | Acquired a manual of Shields
   121 | D:1      | Reached XP level 2. HP: 14/16 MP: 3/3
   699 | D:2      | Reached XP level 3. HP: 2/19 MP: 2/4
   981 | D:2      | Succumbed to a kobold's poison

Illustrated notes

Levels and vault maps discovered:
D:1:      dpeg_arrival_three_smaller_balls, layout_basic
D:2:      layout_loops_ring

Skill      XL: |  1  2  3 |
---------------+----------+-----
Long Blades    | 2 |  2.6
Shields        | 3 |  3.1
Armour         | 3 |  3.0
Fighting       | |  2.8

Action                   || total
-------------------------++-------
Melee: Long sword        ||    70
       Bite              ||    17
Throw: Stone             ||     1
  Use: Scroll            ||     1
Armor: Scale mail        ||    19
Dodge: Dodged            ||    50
Block: Buckler           ||    15
